 Dungeon Crawl Stone Soup version 0.28.0-45-g0d030f2227 (webtiles) character file.

Game seed: 11417193866343147300

29 croobank the Insei (level 3, 0/42 HPs)
             Began as a Gnoll Transmuter on Apr 18, 2022.
             Slain by Terence
             ... wielding a +0 short sword
              (4 damage)
             ... on level 2 of the Dungeon.
             The game lasted 00:03:51 (1466 turns).

croobank the Insei (Gnoll Transmuter)               Turns: 1466, Time: 00:03:52

Health: 0/42       AC:  2    Str:  9    XL:     3   Next: 16%
Magic:  8/9        EV: 13    Int: 14    God:
Gold:   30         SH:  0    Dex: 12    Spells: 9/12 levels left

rFire   . . .      SeeInvis .   a - +0 hand axe
rCold   . . .      Faith    .   (no shield)
rNeg    . . .      Spirit   .   e - +0 robe
rPois   .          Reflect  .   (no helmet)
rElec   .          Harm     .   (no cloak)
rCorr   .          Rampage  .   (no gloves)
Will    .....                   (no boots)
Stlth   ..........              (no amulet)
HPRegen 0.14/turn               (no ring)
MPRegen 0.11/turn               (no ring)

@: berserking, wereblooded (expiring), very quick
A: fangs 1, strong nose, distributed training
a: no special abilities


You were on level 2 of the Dungeon.
You visited 1 branch of the dungeon, and saw 2 of its levels.

You collected 30 gold pieces.

Inventory:

Hand Weapons
 a - a +0 hand axe (weapon)
Missiles
 b - 3 curare-tipped darts
 c - 25 arrows
 f - 10 bolts
 i - 7 sling bullets
Armour
 e - a +0 robe (worn)
Jewellery
 h - an amulet of guardian spirit
Potions
 d - a potion of curing {unknown}


   Skills:
 + Level 2.5 Fighting
 + Level 0.6 Short Blades
 + Level 0.6 Long Blades
 + Level 0.6 Axes
 + Level 0.6 Maces & Flails
 + Level 0.6 Polearms
 + Level 0.6 Staves
 + Level 0.6 Slings
 + Level 0.6 Bows
 + Level 0.6 Crossbows
 + Level 0.6 Throwing
 + Level 0.6 Armour
 + Level 4.5 Dodging
 + Level 0.6 Stealth
 + Level 0.6 Shields
 + Level 6.5 Unarmed Combat
 + Level 5.0 Spellcasting
 + Level 0.4 Conjurations
 + Level 0.4 Hexes
 + Level 0.4 Summonings
 + Level 0.4 Necromancy
 + Level 0.4 Translocations
 + Level 3.7 Transmutations
 + Level 0.4 Fire Magic
 + Level 0.4 Ice Magic
 + Level 0.4 Air Magic
 + Level 0.4 Earth Magic
 + Level 0.4 Poison Magic
 + Level 0.8 Invocations
 + Level 0.6 Evocations


You had 9 spell levels left.
You knew the following spells:

 Your Spells              Type           Power      Damage    Failure   Level
a - Beastly Appendage     Tmut           28%        N/A       3%          1
b - Wereblood             Tmut           14%        N/A       5%          2

Your spell library contained the following spells:

 Spells                   Type           Power      Damage    Failure   Level
 Magic Dart               Conj           16%        1d3       14%         1
 Call Imp                 Summ           4%         N/A       22%         2
 Spider Form              Tmut/Pois      9%         N/A       22%         3
 Mephitic Cloud           Conj/Pois/Air  4%         N/A       41%         3
 Ice Form                 Ice/Tmut       9%         N/A       58%         4


Dungeon Overview and Level Annotations

Branches:
Dungeon (2/15)

Altars:

Annotations:
D:2 Terence


Innate Abilities, Weirdness & Mutations

You have very sharp teeth.
Your uncanny sense of smell can sniff out nearby items.
Your experience applies equally to all skills.


Message History

You hit Terence. Your kick misses Terence.
Terence is lightly wounded.
Terence hits you with a +0 short sword.
You hit Terence. You claw Terence, but do no damage.
Terence is lightly wounded.
Terence hits you with a +0 short sword.
* * * LOW HITPOINT WARNING * * *
Terence hits you with a +0 short sword.
* * * LOW HITPOINT WARNING * * *
There is an open door here.
Your transformation is almost over.
Terence shouts, "Get ready for death!"
There is a stone staircase leading up here.
A red film seems to cover your vision as you go berserk!
You feel yourself moving faster!
You feel mighty! Terence misses you.
You closely miss Terence. You punch Terence.
Terence is moderately wounded.
Terence hits you with a +0 short sword.
* * * LOW HITPOINT WARNING * * *
You closely miss Terence. You claw Terence.
Terence is heavily wounded.
Your horns disappear.
Your talons disappear.
Terence barely misses you.
You are too berserk!
Sorry, you're not good enough to have a special ability.
You completely miss Terence.
Terence is heavily wounded.
You barely miss Terence.
Terence is heavily wounded.
Your primal bloodlust is almost over.
Terence hits you with a +0 short sword.
* * * LOW HITPOINT WARNING * * *
You barely miss Terence.
Terence is heavily wounded.
Terence hits you with a +0 short sword.
* * * LOW HITPOINT WARNING * * *
You barely miss Terence. You punch Terence, but do no damage.
Terence is heavily wounded.
Terence hits you with a +0 short sword.
You die...

##.########
..........#####
......w...'...#
..........###w#
....$.....# #.#
..........# #@#
..........# #@#
=.........# ###
..........#
..........#


You could see Terence and a worm.

Vanquished Creatures
  A dart slug (D:1)
  4 ball pythons (D:1)
  2 endoplasms (D:1)
  A giant cockroach (D:1)
  2 hobgoblins (D:1)
  6 bats (D:1)
  2 frilled lizards (D:1)
  2 goblins (D:1)
  5 rats (D:1)
25 creatures vanquished.

Vanquished Creatures (others)
  A plant (D:1)
1 creature vanquished.

Grand Total: 26 creatures vanquished

Notes
Turn   | Place    | Note
-------+----------+-------------------------------------------
     0 | D:1      | croobank the Gnoll Transmuter began the quest for the Orb.
     0 | D:1      | Reached XP level 1. HP: 17/17 MP: 6/6
   111 | D:1      | Reached XP level 2. HP: 10/23 MP: 5/7
   298 | D:1      | Learned a level 2 spell: Wereblood
   340 | D:1      | Found a faded altar of an unknown god.
   902 | D:1      | Reached XP level 3. HP: 28/28 MP: 7/9
   974 | D:1      | Reached skill level 5 in Spellcasting
  1441 | D:2      | Noticed Terence
  1466 | D:2      | Slain by Terence

Illustrated notes

Levels and vault maps discovered:
D:1:      psy_arrival_spokes, layout_basic, shapermc_ecumenical_altar_gd,
          hex_intersection, chequers_serial_rivers_large_a
D:2:      layout_basic, uniq_terence, uniq_natasha, uniq_sigmund

Skill      XL: |  1  2  3 |
---------------+----------+-----
Spellcasting   | 5 |  5.0
Fighting       | |  2.5
Short Blades   | |  0.6
Long Blades    | |  0.6
Axes           | |  0.6
Maces & Flails | |  0.6
Polearms       | |  0.6
Staves         | |  0.6
Slings         | |  0.6
Bows           | |  0.6
Crossbows      | |  0.6
Throwing       | |  0.6
Armour         | |  0.6
Dodging        | |  4.5
Stealth        | |  0.6
Shields        | |  0.6
Unarmed Combat | |  6.5
Conjurations   | |  0.4
Hexes          | |  0.4
Summonings     | |  0.4
Necromancy     | |  0.4
Translocations | |  0.4
Transmutations | |  3.7
Fire Magic     | |  0.4
Ice Magic      | |  0.4
Air Magic      | |  0.4
Earth Magic    | |  0.4
Poison Magic   | |  0.4
Invocations    | |  0.8
Evocations     | |  0.6

Action                   || total
-------------------------++-------
Melee: Unarmed           ||    16
       Kick              ||    11
       Headbutt          ||     4
       Bite              ||     4
       Hand axe          ||    46
       Punch             ||     4
 Cast: Beastly Appendage ||    19
       Wereblood         ||     1
  Use: Scroll            ||     2
       Potion            ||     1
Armor: Robe              ||    17
Dodge: Dodged            ||    48
